AoeStats
← EmirR6S

Black Forest

506910797Analyzed
4v4 RM · 15d ago on Sep 15, 2026· 54m 12s· 8 players
Game mode
Random Map
Map size
Large (8 player)
Population
200
Speed
Normal
Resources
Standard
Victory
Conquest
Starting age
Dark Age
Ending age
Imperial Age
RankedLock teamsTeams togetherTeam positionsShared explorationLock speedFull tech treeHidden civsTurbo modeCheats
Victory
Defeat
🇷🇴 Franks · Romania
919
+13
🇷🇴 Persians · Romania
902
+14
🇷🇴 Jurchens · Romania
824
+17
🇷🇴 Teutons · Romania
813
+17
1005
-21
🇦🇷 Mongols · Argentina
928
-19
🇦🇷 Spanish · Argentina
747
-11
🇦🇷 Khmer · Argentina
711
-10
ElJefe
0:51 Loom
12:14 Feudal Age
16:55 Castle Age
16:24 Double-Bit Axe
16:33 Gold Mining
16:35 Stone Mining
16:28 Horse Collar
25:49 Wheelbarrow
25:03 Town Watch
25:58 Stone Shaft Mining
25:39 Bow Saw
28:58 Gold Shaft Mining
28:32 Heavy Plow
29:00 Hand Cart
32:49 Imperial Age
33:57 Parthian Tactics
32:55 Heavy Cavalry Archer
33:42 Thumb Ring
33:38 Fletching
33:48 Padded Archer Armor
36:17 Leather Archer Armor
36:28 Bodkin Arrow
35:58 Capped Ram
37:05 Drill
37:07 Conscription
37:16 Ballistics
37:57 Chemistry
37:36 Siege Ram
39:06 Bracer
39:45 Caravan
42:52 Forging
42:47 Scale Barding Armor
43:17 Husbandry
43:28 Bloodlines
42:42 Light Cavalry
44:32 Iron Casting
43:23 Hussar
49:03 Town Patrol
Arrebatador De Fisuras♛
0:31 Loom
13:53 Feudal Age
18:50 Castle Age
18:06 Horse Collar
18:14 Double-Bit Axe
19:28 Wheelbarrow
19:54 Bow Saw
20:55 Stone Mining
22:01 Gold Mining
30:18 Heavy Plow
35:10 Stone Shaft Mining
34:33 Fletching
34:43 Padded Archer Armor
36:00 Squires
35:20 Pikeman
43:11 Imperial Age
41:36 Leather Archer Armor
41:17 Bodkin Arrow
41:22 Scale Mail Armor
41:33 Forging
42:08 Hand Cart
45:00 Chemistry
44:22 Chain Mail Armor
44:39 Ring Archer Armor
44:09 Bracer
43:45 Capped Ram
44:12 Halberdier
46:24 Two-Man Saw
46:39 Thumb Ring
49:58 Plate Mail Armor
50:04 Iron Casting
pizzeroloco
0:35 Loom
12:51 Feudal Age
14:35 Double-Bit Axe
15:17 Gold Mining
15:19 Stone Mining
19:32 Wheelbarrow
21:57 Castle Age
23:53 Hand Cart
27:09 Gold Shaft Mining
26:38 Horse Collar
27:59 Padded Archer Armor
27:53 Fletching
28:09 Scale Barding Armor
28:15 Forging
29:33 Leather Archer Armor
29:14 Bodkin Arrow
29:58 Husbandry
32:32 Town Watch
35:18 Imperial Age
35:25 Imperial Age
32:43 Town Watch
33:24 Chain Barding Armor
38:56 Elite Battle Elephant
40:55 Elite Ballista Elephant
41:45 Tusk Swords
41:46 Double Crossbow
44:17 Ballistics
44:16 Bracer
45:17 Stone Shaft Mining
Gregol
1:14 Loom
11:38 Feudal Age
17:49 Castle Age
16:51 Horse Collar
17:04 Gold Mining
17:00 Double-Bit Axe
23:44 Heavy Plow
23:19 Pikeman
26:45 Wheelbarrow
26:58 Pikeman
27:39 Squires
29:20 Hand Cart
31:01 Stone Mining
31:18 Scale Mail Armor
31:24 Scale Barding Armor
31:12 Gambesons
35:21 Imperial Age
35:56 Forging
36:01 Chain Mail Armor
36:07 Chain Barding Armor
35:31 Halberdier
38:47 Iron Casting
38:42 Plate Mail Armor
38:08 Elite Conquistador
43:37 Cavalier
44:28 Bloodlines
44:19 Husbandry
45:16 Paladin
MDS Destroyer
11:01 Feudal Age
9:37 Loom
15:02 Castle Age
20:18 Double-Bit Axe
24:22 Horse Collar
25:42 Wheelbarrow
25:29 Heavy Plow
25:48 Bow Saw
27:52 Hand Cart
32:14 Imperial Age
31:32 Elite Skirmisher
33:29 Ballistics
34:09 Chemistry
33:15 Siege Engineers
34:06 Crop Rotation
34:40 Two-Man Saw
33:36 Gold Mining
33:39 Stone Mining
34:13 Fletching
34:24 Padded Archer Armor
34:17 Heavy Rocket Cart
35:34 Caravan
36:07 Thunderclap Bombs
36:23 Conscription
37:33 Squires
40:11 Bodkin Arrow
40:31 Leather Archer Armor
45:09 Ring Archer Armor
44:39 Bracer
THE SUSPECT
1:21 Loom
17:24 Feudal Age
18:42 Wheelbarrow
19:02 Double-Bit Axe
24:01 Castle Age
22:55 Horse Collar
23:42 Man-at-Arms
25:09 Hand Cart
25:17 Squires
27:31 Gold Mining
27:33 Stone Mining
27:57 Heavy Plow
27:49 Gambesons
30:15 Stone Shaft Mining
30:33 Pikeman
33:17 Elite Skirmisher
37:26 Forging
37:17 Scale Mail Armor
40:47 Caravan
43:49 Fortified Wall
48:04 Imperial Age
49:34 Conscription
50:13 Halberdier
EmirR6S
11:08 Feudal Age
15:26 Castle Age
16:22 Double-Bit Axe
18:19 Wheelbarrow
23:50 Bow Saw
24:45 Hand Cart
25:10 Husbandry
29:04 Forging
29:00 Scale Barding Armor
29:13 Caravan
31:07 Loom
31:07 Town Watch
32:00 Iron Casting
31:45 Chain Barding Armor
32:32 Chain Barding Armor
32:10 Gold Mining
32:10 Stone Mining
35:13 Imperial Age
34:03 Gold Shaft Mining
33:56 Town Patrol
34:04 Scale Mail Armor
35:15 Cavalier
37:07 Chemistry
37:13 Blast Furnace
35:59 Onager
37:49 Plate Barding Armor
37:55 Chivalry
40:22 Paladin
41:33 Elite Skirmisher
41:34 Crossbowman
43:16 Fletching
43:26 Padded Archer Armor
43:44 Chain Mail Armor
45:12 Conscription
George Droyd
0:33 Loom
13:52 Feudal Age
18:26 Castle Age
16:43 Double-Bit Axe
16:40 Horse Collar
19:45 Stone Mining
21:30 Heavy Plow
22:16 Bow Saw
23:32 Wheelbarrow
27:14 Hand Cart
32:38 Imperial Age
30:35 Kamandaran
31:26 Scale Barding Armor
31:32 Forging
31:43 Padded Archer Armor
31:34 Fletching
31:39 Gold Mining
32:25 Stone Shaft Mining
32:19 Crossbowman
33:57 Crop Rotation
34:39 Two-Man Saw
34:17 Thumb Ring
35:41 Gold Shaft Mining
35:33 Elite War Elephant
38:14 Iron Casting
38:07 Conscription
38:56 Chain Barding Armor
38:33 Bodkin Arrow
38:53 Leather Archer Armor
39:22 Caravan
39:57 Leather Archer Armor
42:20 Ring Archer Armor
44:00 Plate Barding Armor
44:25 Blast Furnace
54:03 Spies/Treason
Connection lost

Rejoining the realm…

Still unreachable

The connection could not be restored.

Session expired

The server has moved on; the page needs a fresh start.